 Dungeon Crawl Stone Soup version 0.32-a0-705-g60f233581c (webtiles) character file.

Game seed: 15386631283128115248

537 BalefulStrix the Shield-Bearer (level 7, -4/61 HPs)
             Began as a Formicid Fighter on Mar 14, 2024.
             Slain by a killer bee (5 damage)
             ... on level 4 of the Dungeon.
             The game lasted 00:04:53 (3838 turns).

BalefulStrix the Shield-Bearer (Formicid Fighter)   Turns: 3838, Time: 00:04:54

Health: -4/61      AC:  9    Str: 22 (23) XL:     7   Next: 50%
Magic:  6/6        EV:  8    Int:  4 (5)  God:
Gold:   143        SH:  9    Dex: 10 (13) Spells: 6/6 levels left

rFire   . . .        a - +0 war axe
rCold   . . .        u - +0 kite shield
rNeg    . . .        p - +2 ring mail {Will+}
rPois   .            (helmet unavailable)
rElec   .            (no cloak)
rCorr   .            (no gloves)
SInv    +            (no boots)
Will    +....        (no amulet) Stlth
                     (no ring)
HPRegen 0.30/turn    (no ring)
MPRegen 0.10/turn

%: no passive effects
@: lethally poisoned (-4 -> -9), attractive
A: permanent stasis, dig shafts and tunnels, antennae 3, four strong arms,
iridescent scales 1, dopey 1, low MP 1, robust 1
a: Dig, Shaft Self


You were on level 4 of the Dungeon.
You visited 1 branch of the dungeon, and saw 5 of its levels.

You collected 143 gold pieces.

Inventory:

Hand Weapons
 a - a +0 war axe (weapon)
Armour
 p - a +2 ring mail of willpower (worn)
 u - a +0 kite shield (worn)
Jewellery
 g - a ring of magical power
Wands
 o - a wand of paralysis (2)
Scrolls
 b - a scroll of poison {unknown}
 h - a scroll of teleportation {unknown}
 i - 5 scrolls of identify {unknown}
 m - a scroll of vulnerability {unknown}
 q - a scroll of fog {unknown}
 r - a scroll of revelation {unknown}
 s - a scroll of immolation {unknown}
 t - a scroll of noise {unknown}
Potions
 l - a potion of invisibility {unknown}
 n - a potion of haste {unknown}


   Skills:
 + Level 5.2 Fighting
 * Level 5.6 Axes
 - Level 3.2 Armour
 + Level 6.3 Shields


You had 6 spell levels left.
You didn't know any spells.
Your spell library was empty.

Dungeon Overview and Level Annotations

Branches:
Dungeon (5/15)
 Temple: D:4-7

Altars:
Nemelex Xobeh

Annotations:
D:4 1 runed translucent door, mopl's ghost, amateur FoGl


Innate Abilities, Weirdness & Mutations

You cannot be hasted, slowed, berserked, paralysed or teleported.
You can dig through walls and to a lower floor.
You have a pair of large antennae on your head. (SInv)
Your four strong arms can wield two-handed weapons with a shield.
You are partially covered in iridescent scales. (AC +2)
You are dopey. (Int -2)
Your magical capacity is low. (-10% MP)
You are robust. (+10% HP)


Message History

The killer bee poisons you! The killer bee closely misses you.
You block the killer bee's attack. The killer bee misses you.
The killer bee stings you but does no damage.
You block the killer bee's attack.
You hit the killer bee.
The killer bee is lightly wounded.
You barely miss the killer bee.
* * * LOW HITPOINT WARNING * * *
You feel very sick.
The killer bee stings you but does no damage.
You block the killer bee's attack. The killer bee stings you.
* * * LOW HITPOINT WARNING * * *
The killer bee stings you but does no damage.
Unknown command.
It was a potion of mutation.
You feel extremely strange.
You feel robust.
You feel stupid.
You feel less energetic.
Iridescent scales grow over part of your body.
* * * LOW HITPOINT WARNING * * *
You feel very sick.
The killer bee stings you but does no damage.
You block the killer bee's attack. The killer bee misses you.
You block the killer bee's attack.
It was a potion of degeneration.
There was something very wrong with that liquid.
You feel weakened.
You feel dopey.
You feel clumsy.
* * * LOW HITPOINT WARNING * * *
You feel sick. The killer bee stings you.
* * * LOW HITPOINT WARNING * * *
The killer bee stings you but does no damage.
The killer bee stings you.
* * * LOW HITPOINT WARNING * * *
The killer bee stings you.
* * * LOW HITPOINT WARNING * * *
It was a potion of attraction.
You feel attractive to monsters.
* * * LOW HITPOINT WARNING * * *
You feel sick.
The killer bee stings you but does no damage.
The killer bee stings you.
You die...

..##'#....##.# #....##(#.#..#
†....#.......# #....#..#....#
.##..###.########.......####.#
.....# #.##....#####....# #.#
.....###.##....###...##.# #.#
.................#......# #.#
....#....##......#.#########.###
....#....###....yy.# #....##...#
....###### #....@..# #.##.####.#
....# #.....#.# #.#.......#
##### #..(..#.###.#########
#.....#.....# #############


You could see 2 killer bees.

Vanquished Creatures
  Duvessa (D:4)
  Blork the orc (D:4)
  A bullfrog (D:4)
  Dowan (D:4)
  An orc priest (D:3)
  Ijyb (D:3)
  Natasha (thrice) (D:4)
  4 adders
  10 orcs (D:3)
  2 bats
  9 endoplasms
  3 giant cockroaches
  4 goblins
  9 hobgoblins
  3 jackals (D:1)
  7 kobolds
  A quokka (D:2)
  5 ball pythons
  4 frilled lizards (D:3)
  6 rats
76 creatures vanquished.

Notes
Turn   | Place    | Note
-------+----------+-------------------------------------------
     0 | D:1      | BalefulStrix the Formicid Fighter began the quest for the
                  | Orb.
     0 | D:1      | Reached XP level 1. HP: 18/18 MP: 1/1
    34 | D:1      | Found a faded altar of an unknown god.
   155 | D:1      | Reached XP level 2. HP: 20/24 MP: 2/2
   270 | D:1      | Reached XP level 3. HP: 29/29 MP: 3/3
  1271 | D:2      | Reached XP level 4. HP: 35/37 MP: 4/4
  1746 | D:3      | Found a sparkling altar of Nemelex Xobeh.
  1834 | D:3      | Reached XP level 5. HP: 12/42 MP: 5/5
  2044 | D:3      | Noticed Ijyb
  2059 | D:3      | Killed Ijyb
  2060 | D:3      | Reached skill level 5 in Shields
  2620 | D:4      | Found a runed translucent door.
  2704 | D:4      | Noticed Blork the orc
  2717 | D:4      | Killed Blork the orc
  2718 | D:4      | Reached XP level 6. HP: 16/49 MP: 6/6
  2876 | D:4      | Noticed Dowan
  2878 | D:4      | Noticed Duvessa
  2891 | D:4      | Killed Duvessa
  2901 | D:4      | Killed Dowan
  2902 | D:4      | Reached skill level 5 in Axes
  2902 | D:4      | Reached skill level 6 in Shields
  2902 | D:4      | Reached XP level 7. HP: 40/55 MP: 7/7
  3002 | D:4      | Reached skill level 5 in Fighting
  3075 | D:4      | Noticed mopl's ghost (amateur FoGl)
  3394 | D:4      | Noticed Natasha
  3398 | D:4      | Killed Natasha
  3559 | D:4      | Noticed Natasha
  3572 | D:4      | Killed Natasha
  3800 | D:4      | Noticed Natasha
  3806 | D:4      | Killed Natasha
  3824 | D:5      | Entered Level 5 of the Dungeon
  3836 | D:4      | Gained mutation: You are robust. (+10% HP) [potion of
                  | mutation]
  3836 | D:4      | Gained mutation: You are dopey. (Int -2) [potion of
                  | mutation]
  3836 | D:4      | Gained mutation: Your magical capacity is low. (-10% MP)
                  | [potion of mutation]
  3836 | D:4      | Gained mutation: You are partially covered in iridescent
                  | scales. (AC +2) [potion of mutation]
  3837 | D:4      | HP: 3/61 [killer bee (4)]
  3838 | D:4      | HP: 1/61 [poisoned by a killer bee]
  3838 | D:4      | Slain by a killer bee

Illustrated notes

Levels and vault maps discovered:
D:1:      shiori_arrival_elements, layout_loops_ring,
          hellmonk_ecumenical_altar_run_dry
D:2:      layout_basic, minmay_shallow_snake_nest
D:3:      layout_loops_corners, nemelex_dance_club_becter, uniq_ijyb
D:4:      layout_basic, ebering_ghost_sewer_d, uniq_natasha, uniq_blork_the_orc,
          uniq_duvessa
D:5:      layout_basic, minmay_temple_entry_sparse_star, serial_corexii_hall,
          chequers_hall_statues_wall_a, corexii_hall_statues_l, minmay_pentangle

Skill      XL: |  1  2  3  4  5  6  7 |
---------------+----------------------+-----
Axes           | 3 4 5 |  5.6
Fighting       | 4 5 |  5.2
Shields        | 5 6 |  6.3
Armour         | |  3.2

Action                     |  1- 3 |  4- 6 |  7- 9 || total
---------------------------+-------+-------+-------++-------
  Melee: War axe           |    90 |   116 |    30 ||   236
Ability: Dig               |       |     1 |       ||     1
    Use: Potion            |       |     1 |     3 ||     4
 Armour: Scale mail        |     6 |       |       ||     6
         Chain mail        |    78 |    42 |       ||   120
         Ring mail         |       |    28 |    44 ||    72
  Dodge: Dodged            |    28 |    30 |    19 ||    77
  Block: Buckler           |    21 |    13 |       ||    34
         Kite shield       |       |    10 |    26 ||    36

Table legend: (Time is in decaauts)
 A = Elapsed time spent in this place.
 B = Non-inter-level travel time spent in this place.
 C = Inter-level travel time spent in this place.
 D = Time resting spent in this place.
 E = Time spent auto-exploring this place.
 F = Levels seen in this place.
 G = Mean time per level.
                   A        B        C        D        E       F      G
               +--------+--------+--------+--------+--------+-----+--------+
         Total |   3923 |   3526 |    397 |    262 |   2595 |   5 |  784.6 |
       Dungeon |   3923 |   3526 |    397 |    262 |   2595 |   5 |  784.6 |
               +--------+--------+--------+--------+--------+-----+--------+

Top non-repeatable levels by time:
     D:4: 1232 daAuts
     D:3: 1173 daAuts
     D:2: 776 daAuts
     D:1: 735 daAuts
     D:5: 6 daAuts
